 Dungeon Crawl Stone Soup version 0.31-a0-4-gefa6de2278 (webtiles) character file.

Game seed: 8984432664160155412

11 qeuew the Sneak (level 2, 0/13 HPs)
             Began as a Spriggan Enchanter on May 4, 2023.
             Slain by a hobgoblin (3 damage)
             ... on level 1 of the Dungeon.
             The game lasted 00:00:28 (309 turns).

qeuew the Sneak (Spriggan Enchanter)                 Turns: 309, Time: 00:00:29

Health: 0/13       AC:  2    Str:  4    XL:     2   Next: 17%
Magic:  6/6        EV: 17    Int: 16    God:
Gold:   21         SH:  0    Dex: 15    Spells: 6/6 levels left

rFire   . . .        a - +1 dagger
rCold   . . .        (no shield)
rNeg    . . .        b - +0 robe
rPois   .            (helmet restricted)
rElec   .            (no cloak)
rCorr   .            (gloves unavailable)
SInv    +            (boots unavailable)
Will    .....        (no amulet)
Stlth   +++          (no ring)
HPRegen 0.22/turn    (no ring)
MPRegen 0.10/turn

%: no passive effects
@: invisible, very quick
A: very small, no large weapons, unfitting armour, see invisible, speed 3
a: no special abilities


You were on level 1 of the Dungeon.
You visited 1 branch of the dungeon, and saw 1 of its levels.

You collected 21 gold pieces.

Inventory:

Hand Weapons
 a - a +1 dagger (weapon)
Armour
 b - a +0 robe (worn)
Jewellery
 d - a ring of magical power
Scrolls
 f - a scroll of vulnerability {unknown}
Potions
 c - a potion of invisibility
 e - a potion of heal wounds {unknown}
 g - a potion of curing {unknown}


   Skills:
 * Level 1.5 Short Blades
 + Level 2.9 Dodging
 * Level 4.8 Stealth
 + Level 2.8 Spellcasting
 + Level 3.7 Hexes


You had 6 spell levels left.
You didn't know any spells.
Your spell library contained the following spells:

 Spells                   Type           Power      Damage    Failure   Level
 Confusing Touch          Hex            14%        N/A       12%         3
 Tukima's Dance           Hex            14%        N/A       12%         3
 Ensorcelled Hibernation  Hex/Ice        16%        N/A       13%         2
 Summon Small Mammal      Summ           8%         N/A       19%         1
 Dazzling Flash           Conj/Hex       16%        N/A       26%         3
 Summon Guardian Golem    Hex/Summ       8%         N/A       26%         3
 Call Canine Familiar     Summ           2%         N/A       50%         3


Dungeon Overview and Level Annotations

Branches:
Dungeon (1/15)

Altars:


Innate Abilities, Weirdness & Mutations

You are very small and have problems with some larger weapons.
You are too small for most types of armour.
You have supernaturally acute eyesight. (SInv)
You cover ground extremely quickly. (Speed+++)


Message History

You are too injured to fight recklessly!
You are too injured to fight recklessly!
You are too injured to fight recklessly!
You are too injured to fight recklessly!
You are too injured to fight recklessly!
You are too injured to fight recklessly!
You are too injured to fight recklessly!
You are too injured to fight recklessly!
You are too injured to fight recklessly!
You are too injured to fight recklessly!
You are too injured to fight recklessly!
Unknown command.
You hit the hobgoblin but do no damage. The hobgoblin hits you.
* * * LOW HITPOINT WARNING * * *
The hobgoblin closely misses you.
You fade into invisibility!
The hobgoblin barely misses you. The hobgoblin misses you.
You hit the hobgoblin.
The hobgoblin is almost dead.
The hobgoblin barely misses you.
The hobgoblin hits you but does no damage.
You barely miss the hobgoblin.
The hobgoblin is almost dead.
The hobgoblin misses you. x2
You hit the hobgoblin.
You kill the hobgoblin!
The hobgoblin barely misses you.
You hit the hobgoblin.
The hobgoblin is lightly wounded.
The hobgoblin completely misses you.
You hit the hobgoblin but do no damage.
The hobgoblin is lightly wounded.
The hobgoblin barely misses you.
You hit the hobgoblin but do no damage.
The hobgoblin is lightly wounded.
The hobgoblin misses you.
You closely miss the hobgoblin.
The hobgoblin is lightly wounded.
The hobgoblin hits you.
You die...

..... #.####... ..###
.## ##........ ...#
...# ..........
.....# #... ######
##....... .....## #..
#...(# #........
###...# #.. #....#
#........ ..#...#
#..# #....###........
..#..[#
#..)##....##.........
.....#
#†@#....#..#.......
.....#
##g.....#.#########
.....##
##.....#.#######
..#..(#
......>..........#
.>#...#
..#########.......#
###...# #.......#
.....## # #.......#
..)..# ... #.......#
...###..# #########


You could see a hobgoblin (unable to see you).

Vanquished Creatures
  A dart slug (D:1)
  An endoplasm (D:1)
  A goblin (D:1)
  2 hobgoblins (D:1)
  2 bats (D:1)
  A kobold (D:1)
  A rat (D:1)
9 creatures vanquished.

Notes
Turn   | Place    | Note
-------+----------+-------------------------------------------
     0 | D:1      | qeuew the Spriggan Enchanter began the quest for the Orb.
     0 | D:1      | Reached XP level 1. HP: 9/9 MP: 5/5
   201 | D:1      | Reached XP level 2. HP: 13/13 MP: 6/6
   309 | D:1      | Slain by a hobgoblin

Illustrated notes

Levels and vault maps discovered:
D:1:      minmay_arrival_open_corners, layout_basic, corexii_corridor_pit

Action                     || total
---------------------------++-------
  Melee: Dagger            ||    34
    Use: Potion            ||     1
   Stab: Sleeping          ||     2
 Armour: Robe              ||     3
  Dodge: Dodged            ||    32

Table legend: (Time is in decaauts)
 A = Elapsed time spent in this place.
 B = Non-inter-level travel time spent in this place.
 C = Inter-level travel time spent in this place.
 D = Time resting spent in this place.
 E = Time spent auto-exploring this place.
 F = Levels seen in this place.
 G = Mean time per level.
                   A        B        C        D        E       F      G
               +--------+--------+--------+--------+--------+-----+--------+
         Total |    203 |    203 |      0 |      0 |    137 |   1 |  203.0 |
       Dungeon |    203 |    203 |      0 |      0 |    137 |   1 |  203.0 |
               +--------+--------+--------+--------+--------+-----+--------+

Top non-repeatable levels by time:
     D:1: 203 daAuts
